cohdb
Replays
Latest Replays
All Replays
Popular Replays
Top Player Replays
Match Explorer
How It Works
Community
CoH3 Stats
Reddit
Sign in to upload your games and track your stats! →
Sign in with Steam
Match 42687390
Unlisted
Match 42687390
Overview
Messages
Build Orders
End
Construct Infanterie Kompanie
Selects Breakthrough Battlegroup
Grenadier Squad
MG 42 Machine Gun Team
Grenadier Squad
Construct Panzergrenadier Kompanie
Selects Rapid Production
251 Medium Carrier
Panzergrenadier Squad
Pak 40 Anti-tank Gun Team
罐头鸟巢
Valkyrie_Tone
乌拉
MonikaのPants
wila
肘术回战
LittleFatty233
楚云飞
0
0
Comments
sign in to comment!
No comments posted yet!